 Dungeon Crawl Stone Soup version 0.17-a0-1642-gd4b747b (webtiles) character file.

350 KINGKRU the Shield-Bearer (level 6, -4/53 HPs)
             Began as a Minotaur Fighter on Aug 11, 2015.
             Was an Initiate of Qazlal.
             Slain by luzzunton's ghost (13 damage)
             ... on level 4 of the Dungeon.
             The game lasted 00:15:52 (2763 turns).

KINGKRU the Shield-Bearer (Minotaur Fighter)        Turns: 2763, Time: 00:15:52

Health: -4/53      AC:  7    Str: 23    XL:     6   Next: 34%
Magic:  5/5        EV:  8    Int:  5    God:    Qazlal [......]
Gold:   216        SH: 10    Dex:  9    Spells: 0 memorised, 5 levels left

rFire  . . .     SeeInvis .     a - +0 long sword
rCold  . . .     Clarity  .     b - +0 scale mail
rNeg   . . .     SustAt   .     c - +0 shield
rPois  .         Gourm    .     (helmet restricted)
rElec  .         Spirit   .     (no cloak)
rCorr  .         Warding  .     (no gloves)
rMut   .         Stasis   .     (no boots)
MR     .....                    (no amulet)
Stlth  ..........               (no ring)
                                (no ring)

@: not resistant to hostile enchantments, extremely unstealthy
A: retaliatory headbutt, horns 2
a: Renounce Religion


You were on level 4 of the Dungeon.
You worshipped Qazlal.
Qazlal was noncommittal.
You were not hungry.

You visited 1 branch of the dungeon, and saw 4 of its levels.

You collected 216 gold pieces.

Inventory:

Hand weapons
 a - a +0 long sword (weapon)
 o - a +1 spear of piercing
Armour
 b - a +0 scale mail (worn)
 c - a +0 shield (worn)
Scrolls
 h - a scroll of amnesia
 l - a scroll of random uselessness {unknown}
 m - a scroll of teleportation {unknown}
 n - a scroll of fog
 r - a scroll of identify
 s - a scroll of remove curse
 t - a scroll of immolation {unknown}
Potions
 d - 2 potions of might
 f - a potion of heal wounds
 i - a potion of lignification {unknown}
 j - 2 potions of flight {unknown}
 p - a potion of curing {unknown}
 q - a potion of cancellation {unknown}
Comestibles
 e - 2 bread rations
 g - 2 meat rations
 k - a royal jelly


   Skills:
 + Level 4.3 Fighting
 + Level 4.1 Long Blades
 + Level 5.3 Armour
 + Level 2.3 Dodging
 + Level 0.3 Stealth
 + Level 5.6 Shields


You had 5 spell levels left.
You didn't know any spells.

Dungeon Overview and Level Annotations

Branches:
Dungeon (4/15)
 Temple: D:4-7

Altars:
Ashenzari
Qazlal

Annotations:
D:4 luzzunton's ghost, average GrFi


Innate Abilities, Weirdness & Mutations

You reflexively headbutt those who attack you in melee.
You have a pair of horns on your head.


Message History

You headbutt luzzunton's ghost, but do no damage.
You hit luzzunton's ghost but do no damage.
You headbutt luzzunton's ghost, but do no damage.
Luzzunton's ghost is heavily damaged.
Luzzunton's ghost barely misses you.
You hit luzzunton's ghost but do no damage.
You headbutt luzzunton's ghost.
Luzzunton's ghost is heavily damaged.
You block luzzunton's ghost's attack.
You hit luzzunton's ghost but do no damage.
Luzzunton's ghost is heavily damaged.
Luzzunton's ghost hits you! Luzzunton's ghost hits you.
You hit luzzunton's ghost.
Luzzunton's ghost is heavily damaged.
Luzzunton's ghost hits you!
* * * LOW HITPOINT WARNING * * *
Read which item? (? for menu, Esc to quit)
As you read the scroll of fog, it crumbles to dust.
The scroll dissolves into smoke.
Luzzunton's ghost hits you!
You die...

###. ... .. #.
######.##
#.......#
......#§# ....W
#W## .... #@§#
... ##§## .. #§§#
. ##.# ###.####
###......#
####.....##....##
###.......##
##....# #
###........##
#...###


You could see luzzunton's ghost.

Vanquished Creatures
  The ghost of KINGKRU the Covered, an average HuFi (D:3)
  2 hounds (D:4)
  An iguana (D:4)
  An orc wizard (D:3)
  A worker ant (D:4)
  4 adders
  2 oozes
  A worm (D:3)
  4 giant geckos
  10 orcs
  11 bats
  4 giant cockroaches
  6 goblins
  8 hobgoblins
  3 quokkas
  12 giant newts
  8 kobolds
  8 rats
87 creatures vanquished.

Vanquished Creatures (others)
  A plant (D:4)
1 creature vanquished.

Grand Total: 88 creatures vanquished

Notes
Turn   | Place    | Note
--------------------------------------------------------------
     0 | D:1      | KINGKRU the Minotaur Fighter began the quest for the Orb.
     0 | D:1      | Reached XP level 1. HP: 19/19 MP: 0/0
    53 | D:1      | Reached skill level 4 in Armour
    69 | D:1      | Reached XP level 2. HP: 17/27 MP: 1/1
   761 | D:2      | Reached XP level 3. HP: 33/33 MP: 2/2
  1539 | D:3      | Noticed KINGKRU's ghost (average HuFi)
  1548 | D:3      | Killed KINGKRU's ghost
  1548 | D:3      | Reached skill level 5 in Armour
  1548 | D:3      | Reached skill level 1 in Dodging
  1548 | D:3      | Reached XP level 4. HP: 20/40 MP: 3/3
  1554 | D:3      | Reached XP level 5. HP: 46/46 MP: 4/4
  1910 | D:3      | Reached skill level 5 in Shields
  2356 | D:4      | Reached XP level 6. HP: 52/52 MP: 5/5
  2623 | D:4      | Found a shattered altar of Ashenzari.
  2628 | D:4      | Found a stormy altar of Qazlal.
  2664 | D:4      | Became a worshipper of Qazlal Stormbringer
  2747 | D:4      | Noticed luzzunton's ghost (average GrFi)
  2763 | D:4      | Slain by luzzunton's ghost

Vault maps used:
D:1:      matt_arrival_diagonals, st_stairs_14
D:3:      mrwooster_statue_mirror
D:4:      grunt_temple_overflow_open, first_bread, minmay_lizard_king

Action                   |  1- 3 |  4- 6 || total
-------------------------+-------+-------++-------
Melee: Long sword        |    95 |   137 ||   232
  Use: Scroll            |     5 |     1 ||     6
       Potion            |       |     1 ||     1
  Eat: Meat ration       |     1 |     1 ||     2
